 Dungeon Crawl Stone Soup version 0.30-a0-672-gc3a7216ad8 (webtiles) character file.

Game seed: 522376710772875021

153 testman the Charlatan (level 5, -1/41 HPs)
             Began as a Demonspawn Artificer on Jan 18, 2023.
             Was an Initiate of Gozag.
             Slain by Grinder (3 damage)
             ... while paralysed by Grinder
             ... on level 3 of the Dungeon.
             The game lasted 00:06:29 (2666 turns).

testman the Charlatan (Demonspawn Artificer)        Turns: 2666, Time: 00:06:30

Health: -1/41      AC:  7    Str: 14    XL:     5   Next: 12%
Magic:  5/5        EV:  2    Int: 13    God:    Gozag
Gold:   144        SH:  0    Dex: 15    Spells: 4/4 levels left

rFire   . . .      SeeInvis .    z - +1 hammer (protect)
rCold   . . .      Faith    .    (no shield)
rNeg    . . .      Spirit   .    j - +0 scale mail
rPois   .          Reflect  .    (helmet restricted)
rElec   .          Harm     .    x - +0 cloak
rCorr   .          Rampage  .    (no gloves)
Will    .....                    (no boots)
Stlth   +                        (no amulet)
HPRegen 0.26/turn                (no ring)
MPRegen 0.09/turn                (no ring)

@: paralysed
A: antennae 2, thin skeletal structure 1
a: Renounce Religion, Potion Petition, Call Merchant, Bribe Branch


You were on level 3 of the Dungeon.
You worshipped Gozag.
Gozag was aware of your devotion.
You visited 1 branch of the dungeon, and saw 3 of its levels.

You collected 144 gold pieces.

Inventory:

Hand Weapons
 f - a +0 whip
 w - a +0 rapier
 y - a +3 quarterstaff of chaos
 z - a +1 hammer of protection (weapon)
Missiles
 m - 5 poisoned darts
Armour
 b - a +0 leather armour
 j - a +0 scale mail (worn)
 x - a +0 cloak (worn)
Jewellery
 u - a ring of poison resistance
Wands
 c - a wand of flame (1) (quivered)
 d - a wand of charming (15)
 e - a wand of iceblast (5)
Scrolls
 a - a scroll of fog {unknown}
 i - a scroll of torment {unknown}
 k - 2 scrolls of poison
 l - a scroll of noise {unknown}
 n - 2 scrolls of fear {unknown}
 p - 2 scrolls of teleportation {unknown}
 q - 2 scrolls of identify {unknown}
Potions
 g - a potion of heal wounds
 h - a potion of brilliance {unknown}
 o - a potion of curing {unknown}
 r - a potion of might {unknown}
 s - a potion of resistance {unknown}
 t - 2 potions of mutation {unknown}
 v - a potion of magic {unknown}


   Skills:
 + Level 3.1 Fighting
 - Level 2.0 Armour
 - Level 2.0 Dodging
 - Level 1.0 Stealth
 + Level 4.3 Evocations


You had 4 spell levels left.
You didn't know any spells.
Your spell library contained the following spells:

 Spells                   Type           Power      Damage    Failure   Level
 Kindle Blastsparks       Fire/Tloc/Air  0%         2d10      98%         3
 Fulminant Prism          Conj/Hex       0%         3d5       100%        4
 Iskenderun's Mystic Bla  Conj/Tloc      0%         2d3       100%        4
 Summon Lightning Spire   Summ/Air       0%         N/A       100%        4
 Lee's Rapid Deconstruct  Erth           0%         3d4*      100%        5
 Summon Forest            Summ/Tloc      0%         N/A       100%        5
 Monstrous Menagerie      Summ           0%         N/A       100%        7


Dungeon Overview and Level Annotations

Branches:
Dungeon (3/15)

Altars:
Gozag
Qazlal

Annotations:
D:3 Grinder


Innate Abilities, Weirdness & Mutations

You have a pair of antennae on your head.
You have a somewhat thin skeletal structure. (Dex +2, Stealth+)


Message History

There is an open translucent door here.
Found a scale mail.
Grinder comes into view.
Grinder shouts!
An endoplasm comes into view.
Grinder says, "I used to sell toenails on the black market."
The endoplasm moves out of view.
Grinder blinks!
You closely miss Grinder. Grinder hits you but does no damage.
You hit Grinder.
Your weapon exudes an aura of protection.
Grinder is lightly wounded.
Grinder says, "I used to sell toenails on the black market."
Grinder hits you but does no damage. Grinder gestures at you.
You suddenly lose the ability to move!
Grinder blinks!
You can move again.
Grinder blinks!
Grinder gestures at you. Pain shoots through your body! Grinder hits you!
You hit Grinder.
Your weapon exudes an aura of protection.
Grinder is lightly wounded.
Grinder blinks!
Grinder hits you.
You writhe in agony.
* * * LOW HITPOINT WARNING * * *
You barely miss Grinder.
Grinder is lightly wounded.
Grinder gestures at you.
You suddenly lose the ability to move!
Grinder rolls her eyes.
Grinder hits you.
* * * LOW HITPOINT WARNING * * *
You writhe in agony.
* * * LOW HITPOINT WARNING * * *
Grinder hits you.
You die...
Your body crumbles into a pile of gold.

.. # .#....# #.
#.#.#### ##.## #.#.#
...# #.#.# #..#
#.#.# #..# #.#.#
#.##..#####.#.#
#...........#.#
.....?.[..5@..#.#
#.#.#########.#.# .
# #.#.# #.#.# #.#.#
#.#.# ♣♣♣♣♣####.#.#
#####♣♣♣.♣..#.##.#.#
#...#♣..♣.PP.......#


You could see Grinder.

Vanquished Creatures
  A hound (D:3)
  Crazy Yiuf (D:3)
  3 adders (D:3)
  2 worms
  2 dart slugs (D:1)
  2 endoplasms (D:1)
  4 giant cockroaches
  5 goblins
  9 hobgoblins
  2 jackals (D:3)
  7 kobolds
  2 quokkas
  2 ball pythons (D:1)
  6 bats
  5 frilled lizards
  3 rats
56 creatures vanquished.

Vanquished Creatures (others)
  A plant (D:2)
1 creature vanquished.

Grand Total: 57 creatures vanquished

Notes
Turn   | Place    | Note
-------+----------+-------------------------------------------
     0 | D:1      | testman the Demonspawn Artificer began the quest for the
                  | Orb.
     0 | D:1      | Reached XP level 1. HP: 15/15 MP: 1/1
    48 | D:1      | Reached skill level 1 in Dodging
    48 | D:1      | Reached skill level 1 in Stealth
   172 | D:1      | Gained mutation: You have a pair of small antennae on your
                  | head. [demonic ancestry]
   172 | D:1      | Reached XP level 2. HP: 19/21 MP: 2/2
   502 | D:1      | Reached XP level 3. HP: 8/27 MP: 3/3
   607 | D:1      | Got the Octavo of the Entourage
  1244 | D:2      | Found a stormy altar of Qazlal.
  1809 | D:2      | Found a faded altar of an unknown god.
  1814 | D:2      | Prayed at the altar of an unknown god.
  1814 | D:2      | Became a worshipper of Gozag Ym Sagoz the Greedy
  2049 | D:3      | Gained mutation: You have a pair of antennae on your head.
                  | [demonic ancestry]
  2049 | D:3      | Reached XP level 4. HP: 20/33 MP: 4/4
  2250 | D:3      | Reached skill level 4 in Evocations
  2427 | D:3      | Found a runed translucent door.
  2428 | D:3      | Noticed Crazy Yiuf
  2439 | D:3      | Killed Crazy Yiuf
  2440 | D:3      | Gained mutation: You have a somewhat thin skeletal
                  | structure. (Dex +2, Stealth+) [demonic ancestry]
  2440 | D:3      | Reached XP level 5. HP: 4/41 MP: 5/5
  2651 | D:3      | Noticed Grinder
  2655 | D:3      | Paralysed by Grinder for 2 turns
  2664 | D:3      | Paralysed by Grinder for 3 turns
  2665 | D:3      | HP: 2/41 [Grinder (4)]
  2666 | D:3      | Slain by Grinder

Illustrated notes

Levels and vault maps discovered:
D:1:      shiori_shiawase, layout_basic, serial_aquarium, aquarium_bridge_square
          [aquarium_subvault_wall, aquarium_subvault_bridge,
          aquarium_subvault_balcony, aquarium_subvault_bridge],
          aquarium_window_fake, aquarium_window_fake,
          aquarium_window_corridor_3, aquarium_view_2c, aquarium_balcony_3b,
          aquarium_pool_split
D:2:      layout_loops_ring, shapermc_ecumenical_altar_petra, basic_altar,
          grunt_ministairs_3
D:3:      layout_basic, fedhas_altar_fruit_tree, uniq_crazy_yiuf_cottage,
          uniq_grinder

Skill      XL: |  1  2  3  4 |
---------------+-------------+-----
Dodging        | 1 2 |  2.0
Stealth        | 1 |  1.0
Armour         | 2 |  2.0
Fighting       | 2 3 |  3.1
Evocations     | 4 |  4.3

Action                   |  1- 3 |  4- 6 || total
-------------------------+-------+-------++-------
Melee: Whip              |   184 |    73 ||   257
       Club              |     4 |       ||     4
       Punch             |     1 |       ||     1
       Rapier            |       |    13 ||    13
       Mace              |       |     4 ||     4
Evoke: Wand              |     9 |     5 ||    14
  Use: Scroll            |       |     1 ||     1
       Potion            |       |     1 ||     1
 Stab: Sleeping          |     1 |       ||     1
Armor: Leather armour    |    44 |       ||    44
       Scale mail        |    26 |    45 ||    71
Dodge: Dodged            |   130 |    62 ||   192

Table legend: (Time is in decaauts)
 A = Elapsed time spent in this place.
 B = Non-inter-level travel time spent in this place.
 C = Inter-level travel time spent in this place.
 D = Time resting spent in this place.
 E = Time spent auto-exploring this place.
 F = Levels seen in this place.
 G = Mean time per level.
                   A        B        C        D        E       F      G
               +--------+--------+--------+--------+--------+-----+--------+
         Total |   2679 |   2550 |    129 |     36 |   1887 |   3 |  893.0 |
       Dungeon |   2679 |   2550 |    129 |     36 |   1887 |   3 |  893.0 |
               +--------+--------+--------+--------+--------+-----+--------+

Top non-repeatable levels by time:
     D:1: 1163 daAuts
     D:2: 882 daAuts
     D:3: 633 daAuts
